 Dungeon Crawl Stone Soup version 0.28-a0-793-g31680bbd8b (webtiles) character file.

Game seed: 770788481817904110

59 kae the Caller (level 4, -2/33 HPs)
             Began as a Merfolk Summoner on Nov 4, 2021.
             Slain by an adder (3 damage)
             ... on level 2 of the Dungeon.
             The game lasted 00:02:00 (3752 turns).

kae the Caller (Merfolk Summoner)                   Turns: 3752, Time: 00:02:00

Health: -2/33      AC:  2    Str:  8    XL:     4   Next: 3%
Magic:  5/7        EV: 12    Int: 15    God:
Gold:   34         SH:  0    Dex: 14    Spells: 2/8 levels left

rFire   . . .      SeeInvis .   c - +0 short sword
rCold   . . .      Faith    .   (no shield)
rNeg    . . .      Spirit   .   a - +0 robe
rPois   .          Reflect  .   (no helmet)
rElec   .          Harm     .   (no cloak)
rCorr   .          Rampage  .   (no gloves)
Will    .....                   (no boots)
Stlth   ++........              (no amulet)
HPRegen 0.11/turn               (no ring)
MPRegen 0.10/turn               (no ring)

@: lethally poisoned (-2 -> -5)
A: (nimble swimmer 2), mertail
a: no special abilities


You were on level 2 of the Dungeon.
You visited 1 branch of the dungeon, and saw 2 of its levels.

You collected 34 gold pieces.

Inventory:

Hand Weapons
 c - a +0 short sword (weapon)
Armour
 a - a +0 robe (worn)
Scrolls
 b - a scroll of brand weapon {unknown}


   Skills:
 + Level 1.6 Fighting
 - Level 2.6 Dodging
 - Level 2.1 Stealth
 + Level 2.5 Spellcasting
 * Level 4.8 Summonings


You had 2 spell levels left.
You knew the following spells:

 Your Spells              Type           Power      Damage    Failure   Level
a - Summon Small Mammal   Summ           64%        N/A       3%          1
b - Call Imp              Summ           16%        N/A       4%          2
c - Call Canine Familiar  Summ           16%        N/A       9%          3

Your spell library contained the following spells:

 Spells                   Type           Power      Damage    Failure   Level
 Summon Guardian Golem    Hex/Summ       9%         N/A       24%         3
 Summon Lightning Spire   Summ/Air       9%         N/A       61%         4


Dungeon Overview and Level Annotations

Branches:
Dungeon (2/15)

Altars:

Annotations:
D:1 Sigmund
D:2 Robin


Innate Abilities, Weirdness & Mutations

((You are quick and stealthy near water. (Stealth+, EV+, Speed+++)))
Your lower body shifts to a powerful aquatic tail in water.


Message History

The adder bites you. x2
An adder is nearby!
You are too injured to fight recklessly!
You are too injured to fight recklessly!
You are too injured to fight recklessly!
You are too injured to fight recklessly!
An adder is nearby!
You are too injured to fight recklessly!
You are too injured to fight recklessly!
Casting: Call Imp (safe; 4% risk of failure)
Confirm with . or Enter, or press ? or * to list all spells.
The adder closely misses you.
Your crimson imp closely misses the adder.
The adder barely misses you.
Your crimson imp hits the adder.
You hit the adder.
The adder is almost dead.
The adder barely misses you.
Your crimson imp blinks!
The adder bites you.
You closely miss the adder.
The adder is almost dead.
The adder bites you.
You are poisoned.
The adder poisons you!
Your rat barely misses the adder.
You miss the adder.
The adder is almost dead.
You feel sick. The adder bites you.
* * * LOW HITPOINT WARNING * * *
Your rat bites the adder.
The adder bites your rat but does no damage.
You aren't carrying any potions.
You hit the adder but do no damage.
The adder is almost dead.
* * * LOW HITPOINT WARNING * * *
You feel sick. The adder bites you but does no damage.
Your rat misses the adder.
Okay, then.
* * * LOW HITPOINT WARNING * * *
You feel sick.
Your rat barely misses the adder.
The adder bites you.
You die...

.. ..# .. ..#
#.#..# ##.#..#
.5... ###...#
#.....# #.#.Sr#
#...@.#
###.###...#
..........#
..#.####..#
####.# #....#
#.####
##############.#
...............#


You could see an adder (ally target), a friendly crimson imp (summoned) and a
friendly rat (summoned).

Vanquished Creatures
  A dart slug (D:1)
  2 bats (D:1)
  2 endoplasms
  5 goblins
  5 hobgoblins
  3 jackals (D:1)
  A quokka (D:1)
  2 ball pythons (D:2)
  A frilled lizard (D:2)
  A kobold (D:1)
  A rat (D:1)
24 creatures vanquished.

Vanquished Creatures (collateral kills)
  A gnoll (D:2)
  A worm (D:2)
  2 giant cockroaches (D:1)
  3 hobgoblins
  2 jackals (D:1)
  3 goblins
  A kobold (D:1)
  3 rats
16 creatures vanquished.

Grand Total: 40 creatures vanquished

Notes
Turn   | Place    | Note
-------+----------+-------------------------------------------
     0 | D:1      | kae the Merfolk Summoner began the quest for the Orb.
     0 | D:1      | Reached XP level 1. HP: 13/13 MP: 3/3
   612 | D:1      | Reached XP level 2. HP: 20/20 MP: 3/5
   867 | D:1      | Reached skill level 1 in Fighting
  1304 | D:1      | Reached XP level 3. HP: 25/26 MP: 3/6
  1392 | D:2      | Noticed Robin
  1397 | D:2      | Noticed Sigmund
  1789 | D:1      | Learned a level 2 spell: Call Imp
  1793 | D:1      | Learned a level 3 spell: Call Canine Familiar
  2555 | D:2      | HP: 1/26 [worm (9)]
  3303 | D:2      | Reached XP level 4. HP: 6/33 MP: 4/7
  3752 | D:2      | HP: 1/33 [poisoned by an adder]
  3752 | D:2      | Slain by an adder

Illustrated notes

Levels and vault maps discovered:
D:1:      matt_arrival_diagonals, layout_loops_ring
D:2:      layout_basic, serial_shops, shop_fountains, minmay_crystal_room,
          kennysheep_generic_room_9, uniq_jessica, uniq_sigmund, uniq_robin

Skill      XL: |  1  2 |
---------------+-------+-----
Fighting       | 1 |  1.6
Dodging        | |  2.6
Stealth        | |  2.1
Spellcasting   | |  2.5
Summonings     | |  4.8

Action                   |  1- 3 |  4- 6 || total
-------------------------+-------+-------++-------
Melee: Unarmed           |    36 |       ||    36
       Short sword       |   153 |    13 ||   166
 Cast: Summon Small Mamm |    25 |     1 ||    26
       Call Imp          |    12 |     2 ||    14
  Use: Scroll            |     3 |       ||     3
 Stab: Distracted        |     1 |       ||     1
Armor: Robe              |    46 |     3 ||    49
Dodge: Dodged            |   205 |     4 ||   209

Table legend: (Time is in decaauts)
 A = Elapsed time spent in this place.
 B = Non-inter-level travel time spent in this place.
 C = Inter-level travel time spent in this place.
 D = Time resting spent in this place.
 E = Time spent auto-exploring this place.
 F = Levels seen in this place.
 G = Mean time per level.
                   A        B        C        D        E       F      G
               +--------+--------+--------+--------+--------+-----+--------+
         Total |   3776 |   3772 |      4 |   1582 |   1669 |   2 | 1888.0 |
       Dungeon |   3776 |   3772 |      4 |   1582 |   1669 |   2 | 1888.0 |
               +--------+--------+--------+--------+--------+-----+--------+

Top non-repeatable levels by time:
     D:1: 2471 daAuts
     D:2: 1305 daAuts
